 Dungeon Crawl Stone Soup version 0.28-a0-1152-g9c71ebef14 (webtiles) character file.

Game seed: 268780343139213908

1551 ytrimaz the Insei (level 8, -3/59 HPs)
             Began as an Octopode Transmuter on Dec 14, 2021.
             Slain by a centaur zombie (4 damage)
             ... on level 6 of the Dungeon.
             The game lasted 00:05:44 (6894 turns).

ytrimaz the Insei (Octopode Transmuter)             Turns: 6894, Time: 00:05:45

Health: -3/59      AC:  1    Str: 12 (15) XL:     8   Next: 88%
Magic:  15/16      EV: 13    Int: 17 (18) God:
Gold:   196        SH:  0    Dex: 11 (12) Spells: 9/18 levels left

rFire   . . .      SeeInvis .     - Unarmed
rCold   . . .      Faith    .   (no shield)
rNeg    . . .      Spirit   .   (helmet restricted)
rPois   .          Reflect  .   (no amulet)
rElec   .          Harm     .   l - +6 ring of strength
rCorr   .          Rampage  .   b - ring of flight
Will    .....                   (no ring)
Stlth   ++........              (no ring)
HPRegen 0.19/turn               (no ring)
MPRegen 0.15/turn               (no ring)
                                (no ring)
                                (no ring)

@: lethally poisoned (-3 -> -4), flying
A: almost no armour, amphibious, 8 rings, camouflage 1, gelatinous body 1,
(nimble swimmer 1), tentacles, robust 1
a: no special abilities


You were on level 6 of the Dungeon.
You visited 1 branch of the dungeon, and saw 6 of its levels.

You collected 196 gold pieces.

Inventory:

Jewellery
 b - a ring of flight (right tentacle)
 l - a +6 ring of strength (left tentacle)
Wands
 a - a wand of charming (8)
 k - a wand of polymorph (4)
Scrolls
 d - a scroll of summoning
 f - a scroll of noise
 h - a scroll of holy word
 j - 3 scrolls of teleportation
 m - a scroll of amnesia
Potions
 c - a potion of resistance
 e - a potion of magic {unknown}
 i - a potion of invisibility {unknown}
 o - a potion of flight {unknown}


   Skills:
 * Level 4.0 Fighting
 - Level 2.0 Dodging
 + Level 7.1 Unarmed Combat
 * Level 5.6 Spellcasting
 * Level 4.8 Transmutations
 + Level 0.4 Ice Magic
 + Level 2.2 Poison Magic


You had 9 spell levels left.
You knew the following spells:

 Your Spells              Type           Power      Damage    Failure   Level
a - Spider Form           Tmut/Pois      16%        N/A       10%         3
b - Wereblood             Tmut           21%        N/A       2%          2
c - Ice Form              Ice/Tmut       13%        N/A       41%         4

Your spell library contained the following spells:

 Spells                   Type           Power      Damage    Failure   Level
 Beastly Appendage        Tmut           42%        N/A       1%          1
 Slow                     Hex            16%        N/A       13%         1
 Confusing Touch          Hex            4%         N/A       36%         3
 Vampiric Draining        Necr           4%         2d6       36%         3


Dungeon Overview and Level Annotations

Branches:
Dungeon (6/15)
 Temple: D:4-7

Altars:
Okawaru

Shops:
D:3 =

Annotations:
D:6 exclusion: killer bee, Edmund


Innate Abilities, Weirdness & Mutations

You cannot wear most types of armour.
You are amphibious.
You can wear up to eight rings at the same time.
Your skin changes colour to match your surroundings (Stealth+).
Your rubbery body absorbs attacks. (AC +1, EV +1)
((You are camouflaged near water. (Stealth+)))
You have tentacles for arms and can constrict up to eight enemies at once.
You are robust. (+10% HP)


Message History

You bite the centaur zombie!
The centaur zombie is moderately damaged.
You feel sick. The centaur zombie hits you.
* * * LOW HITPOINT WARNING * * *
The centaur zombie kicks you.
* * * LOW HITPOINT WARNING * * *
You hit the centaur zombie.
The centaur zombie is heavily damaged.
You feel sick.
The centaur zombie completely misses you.
The centaur zombie barely misses you.
Unknown command.
You hit the centaur zombie.
The centaur zombie is heavily damaged.
Your transformation has ended.
You feel sick.
The centaur zombie barely misses you. x2
A gnoll comes into view. It is wielding a +0 war axe.
The centaur zombie completely misses you.
The centaur zombie barely misses you.
You completely miss the centaur zombie.
The centaur zombie is heavily damaged.
You feel sick.
The centaur zombie completely misses you.
The centaur zombie barely misses you.
Unknown command.
You tentacle-slap the centaur zombie.
The centaur zombie is heavily damaged.
You feel sick. The centaur zombie hits you.
* * * LOW HITPOINT WARNING * * *
The centaur zombie barely misses you.
Unknown command.
It was a potion of cancellation.
You feel magically purged.
* * * LOW HITPOINT WARNING * * *
You feel sick.
The centaur zombie closely misses you. x2
It was a potion of degeneration.
There was something very wrong with that liquid.
You feel weakened.
You feel dopey.
You feel clumsy.
* * * LOW HITPOINT WARNING * * *
You feel sick. The centaur zombie hits you.
You die...

# #.#### ......
##+### #.####
#....# #..
#....# #..
#....# #..
#.)..# ###
#.@..## #[Z$..#
..........#..#
######..#.g.#..
.#...#...#
#...#...#..
..#.. #.. #
.#...# .#. #.
#.. .


You could see a gnoll and a centaur zombie.

Vanquished Creatures
  Sigmund (D:6)
  Menkaure (D:4)
  3 black bears
  3 ogres (D:5)
  2 phantoms
  A wyvern zombie (D:6)
  A water moccasin skeleton (D:5)
  A centaur zombie (D:4)
  A bullfrog zombie (D:6)
  A bullfrog skeleton (D:4)
  A hound (D:4)
  2 orc priests
  An iguana (D:4)
  2 orc wizards
  A hound skeleton (D:4)
  A river rat (D:4)
  10 adders
  An ufetubus (D:6)
  A worm (D:4)
  A dart slug (D:3)
  9 orcs
  6 ball pythons
  7 endoplasms
  4 giant cockroaches
  8 goblins
  5 hobgoblins
  4 quokkas
  6 bats
  8 frilled lizards
  6 kobolds
  9 rats
108 creatures vanquished.

Vanquished Creatures (others)
  An orc wizard (D:5)
  An orc (D:6)
  10 plants
12 creatures vanquished.

Grand Total: 120 creatures vanquished

Notes
Turn   | Place    | Note
-------+----------+-------------------------------------------
     0 | D:1      | ytrimaz the Octopode Transmuter began the quest for the
                  | Orb.
     0 | D:1      | Reached XP level 1. HP: 13/13 MP: 3/3
   305 | D:1      | Reached XP level 2. HP: 18/18 MP: 5/5
   308 | D:1      | Learned a level 2 spell: Wereblood
   661 | D:1      | Gained mutation: You sometimes lose the ability to read
                  | scrolls when taking damage. [potion of mutation]
   661 | D:1      | Gained mutation: You are robust. (+10% HP) [potion of
                  | mutation]
   661 | D:1      | Lost mutation: You sometimes lose the ability to read
                  | scrolls when taking damage. [potion of mutation]
   829 | D:1      | Reached XP level 3. HP: 25/25 MP: 4/6
   833 | D:1      | Learned a level 3 spell: Spider Form
  1642 | D:2      | Found an iron altar of Okawaru.
  2082 | D:3      | Reached XP level 4. HP: 23/30 MP: 5/8
  2150 | D:3      | Found a faded altar of an unknown god.
  2442 | D:3      | Found Jainytz's Jewellery Emporium.
  3450 | D:4      | Reached skill level 4 in Unarmed Combat
  3450 | D:4      | Reached XP level 5. HP: 36/36 MP: 5/9
  3799 | D:4      | Noticed a black bear
  3809 | D:4      | Killed a black bear
  3810 | D:4      | Reached XP level 6. HP: 28/42 MP: 7/11
  4211 | D:4      | Noticed Menkaure
  4445 | D:4      | Learned a level 4 spell: Ice Form
  4596 | D:4      | Killed Menkaure
  4597 | D:4      | Reached skill level 5 in Unarmed Combat
  4597 | D:4      | Reached XP level 7. HP: 47/49 MP: 8/13
  4967 | D:5      | Entered Level 5 of the Dungeon
  5354 | D:5      | Reached skill level 6 in Unarmed Combat
  5354 | D:5      | Reached XP level 8. HP: 38/57 MP: 10/15
  5629 | D:5      | Reached skill level 5 in Spellcasting
  5791 | D:5      | Reached skill level 1 in Poison Magic
  6532 | D:6      | Noticed Edmund
  6874 | D:6      | Noticed Sigmund
  6886 | D:6      | Killed Sigmund
  6887 | D:6      | Reached skill level 7 in Unarmed Combat
  6893 | D:6      | HP: 2/59 [poisoned by Sigmund]
  6894 | D:6      | Slain by a centaur zombie

Illustrated notes

Levels and vault maps discovered:
D:1:      roderic_octagonal_star, layout_rooms, kennysheep_boxes
D:2:      cheibrodos_helix_gallery, layout_basic, basic_altar, interstate_on_off
D:3:      layout_basic, hellmonk_ecumenical_altar_lost_god, serial_shops,
          nicolae_square_shop
D:4:      black_bear_nest_1, layout_basic, portal_sewer_entry_e,
          enter_ossuary_2, uniq_menkaure
D:5:      layout_rooms, chequers_avenue
D:6:      layout_basic, minmay_temple_entry_gardened_gates, serial_shops,
          nicolae_shop_crystal, kennysheep_mini_moat, hex_large,
          minmay_manual_monolith, uniq_edmund, uniq_maggie, uniq_sigmund

Skill      XL: |  1  2  3  4  5  6  7  8 |
---------------+-------------------------+-----
Spellcasting   | 3 4 5 |  5.6
Unarmed Combat | 4 5 6 7 |  7.1
Transmutations | 3 4 |  4.8
Fighting       | 2 3 4 |  4.0
Poison Magic   | 2 |  2.2
Dodging        | |  2.0
Ice Magic      | |  0.4

Action                   |  1- 3 |  4- 6 |  7- 9 || total
-------------------------+-------+-------+-------++-------
Melee: Unarmed           |    82 |   105 |   120 ||   307
       Tentacles         |    15 |    13 |     7 ||    35
       Constrict         |    19 |    19 |     7 ||    45
       Kick              |    14 |    10 |     3 ||    27
       Punch             |     3 |       |       ||     3
 Cast: Beastly Appendage |    19 |    14 |     4 ||    37
       Spider Form       |     1 |     4 |    12 ||    17
       Ice Form          |       |     1 |       ||     1
       Wereblood         |       |       |     1 ||     1
  Use: Scroll            |     3 |     9 |     2 ||    14
       Potion            |     1 |     1 |     3 ||     5
 Stab: Sleeping          |     7 |     3 |     1 ||    11
Armor: Skin              |     9 |     9 |     5 ||    23
Dodge: Dodged            |    52 |    84 |    98 ||   234

Table legend: (Time is in decaauts)
 A = Elapsed time spent in this place.
 B = Non-inter-level travel time spent in this place.
 C = Inter-level travel time spent in this place.
 D = Time resting spent in this place.
 E = Time spent auto-exploring this place.
 F = Levels seen in this place.
 G = Mean time per level.
                   A        B        C        D        E       F      G
               +--------+--------+--------+--------+--------+-----+--------+
         Total |   6846 |   6722 |    124 |    619 |   5118 |   6 | 1141.0 |
       Dungeon |   6846 |   6722 |    124 |    619 |   5118 |   6 | 1141.0 |
               +--------+--------+--------+--------+--------+-----+--------+

Top non-repeatable levels by time:
     D:4: 1731 daAuts
     D:5: 1471 daAuts
     D:2: 1189 daAuts
     D:3: 1133 daAuts
     D:1: 878 daAuts
     D:6: 442 daAuts
